[Event "Titled Tuesday Blitz October 12 2021"]
[White "Gontcharov, Vladislav"]
[Black "Obregon, Andres Carlos"]
[WhiteFideId "4123492"]
[BlackFideId "111724"]
[WhiteElo "2503"]
[BlackElo "2572"]
[Result "0-1"]
[Round "02"]
[TimeControl "180+1"]
[Date "2021.10.12"]
[WhiteClock "0:00:01"]
[BlackClock "0:00:43"]

1. e4 c5 2. Nf3 Nc6 3. d4 cxd4 4. Nxd4 Nf6 5. Nc3 e5 6. Ndb5 d6 7. Bg5 a6 8. Na3 b5 9. Nd5 Be7 10. Bxf6 Bxf6 11. c4 b4 12. Nc2 a5 13. g3 O-O 14. h4 Rb8 15. b3 Be6 16. Bh3 Be7 17. Kf1 Qd7 18. Kg2 Bd8 19. Qd3 Ne7 20. Nde3 Bb6 21. Rad1 Rbd8 22. a3 Bc5 23. axb4 axb4 24. Ra1 Bxh3+ 25. Rxh3 f5 26. f3 f4 27. Nd5 fxg3 28. Rxg3 Ng6 29. Rg4 Rf7 30. h5 Nf8 31. Nce3 Ne6 32. Nf5 Kh8 33. Ra4 Rdf8 34. Qd1 Nd4 0-1


[Site "https://www.chess.com"]

[Event "Titled Tuesday Blitz October 12 2021"]
[White "Grieve, Harry"]
[Black "Demchenko, Anton"]
[WhiteFideId "426520"]
[BlackFideId "4160258"]
[WhiteElo "2208"]
[BlackElo "2583"]
[Result "0-1"]
[Round "02"]
[TimeControl "180+1"]
[Date "2021.10.12"]
[WhiteClock "0:00:01"]
[BlackClock "0:00:15"]

1. e4 e5 2. Nf3 Nc6 3. Bc4 Nf6 4. Ng5 d5 5. exd5 Na5 6. Bb5+ c6 7. dxc6 bxc6 8. Bd3 Nd5 9. Nf3 Bd6 10. O-O O-O 11. Re1 Re8 12. Nc3 Bg4 13. h3 Bh5 14. Ne4 Bc7 15. Ng3 Bg6 16. Bxg6 hxg6 17. d3 Rb8 18. c3 c5 19. Ne4 Bb6 20. Qa4 Nb7 21. Bd2 Nd6 22. Rad1 Nf5 23. Bc1 Qc7 24. Ned2 Rbd8 25. Nc4 f6 26. Nh2 Re7 27. Ng4 Red7 28. Qc2 Qb7 29. Qe2 Nc7 30. Nge3 Ne6 31. Qg4 Nf4 32. Nxf5 gxf5 33. Qg3 Nxd3 34. Rf1 e4 35. Be3 Bc7 36. Qh4 f4 37. Bc1 Qd5 38. Nd2 Qf5 39. Nc4 f3 40. g3 Qe6 41. Ne3 f5 42. Nc2 Be5 0-1


[Site "https://www.chess.com"]

[Event "Titled Tuesday Blitz October 12 2021"]
[White "Hansen, Eric"]
[Black "Rozen, Eytan"]
[WhiteFideId "2606771"]
[BlackFideId "2816750"]
[WhiteElo "2568"]
[BlackElo "2115"]
[Result "1-0"]
[Round "02"]
[TimeControl "180+1"]
[Date "2021.10.12"]
[WhiteClock "0:01:07"]
[BlackClock "0:00:03"]

1. Nf3 d5 2. d4 Nf6 3. c4 dxc4 4. e3 b5 5. a4 b4 6. Bxc4 e6 7. O-O Bb7 8. Nbd2 Be7 9. Qe2 c5 10. Bb5+ Nbd7 11. dxc5 Bxc5 12. Nb3 Be7 13. Rd1 Qc7 14. Bd2 O-O 15. Rac1 Qb8 16. Na5 a6 17. Bc6 Bxc6 18. Nxc6 Qe8 19. a5 b3 20. Qc4 Nd5 21. e4 N5f6 22. Be3 Ng4 23. Nxe7+ Qxe7 24. Qc7 Rfd8 25. Bb6 Qe8 26. Qf4 Nxb6 27. axb6 Nf6 28. b7 Rab8 29. Rxd8 Qxd8 30. Qxb8 1-0


[Site "https://www.chess.com"]

[Event "Titled Tuesday Blitz October 12 2021"]
[White "Hnydiuk, Aleksander"]
[Black "Nakamura, Hikaru"]
[WhiteFideId "1109057"]
[BlackFideId "2016192"]
[WhiteElo "2374"]
[BlackElo "2884"]
[Result "0-1"]
[Round "02"]
[TimeControl "180+1"]
[Date "2021.10.12"]
[WhiteClock "0:00:01"]
[BlackClock "0:00:25"]

1. Nf3 g6 2. c4 Bg7 3. d4 d6 4. Nc3 Nf6 5. g3 Bd7 6. Bg2 Qc8 7. O-O O-O 8. e4 Bg4 9. Be3 Nc6 10. Qd2 e5 11. d5 Ne7 12. c5 Bh3 13. Rac1 Bxg2 14. Kxg2 Qd7 15. h3 Rfc8 16. Qd3 a6 17. Rfd1 Ne8 18. b3 h6 19. Na4 Qd8 20. cxd6 Nxd6 21. Nd2 b6 22. f3 f5 23. Bg1 h5 24. Nb2 Qd7 25. Nbc4 b5 26. Nxd6 cxd6 27. b4 g5 28. Nb3 g4 29. hxg4 hxg4 30. fxg4 f4 31. Rxc8+ Rxc8 32. Rc1 Rf8 33. Rf1 Qxg4 34. Na5 Ng6 35. Nc6 f3+ 36. Kf2 Bh6 0-1


[Site "https://www.chess.com"]

[Event "Titled Tuesday Blitz October 12 2021"]
[White "Iliaguev, Nisim"]
[Black "Visakh N R"]
[WhiteFideId "2817276"]
[BlackFideId "25012223"]
[WhiteElo "2107"]
[BlackElo "2454"]
[Result "0-1"]
[Round "02"]
[TimeControl "180+1"]
[Date "2021.10.12"]
[WhiteClock "0:01:59"]
[BlackClock "0:01:50"]

1. d4 Nf6 2. Nf3 d5 3. g3 g6 4. Bg2 Bg7 5. O-O O-O 6. b3 c5 7. Bb2 cxd4 8. Nxd4 Nc6 9. Nxc6 bxc6 10. Nd2 a5 11. a4 Ba6 12. Re1 Qb6 13. e3 Rfd8 14. Nf3 Ne4 15. Bxg7 Kxg7 16. Qd4+ Qxd4 17. Nxd4 Rac8 18. Bxe4 dxe4 19. Rad1 e5 20. Nxc6 Rxd1 21. Rxd1 Rxc6 22. Rd2 Bc8 23. Kg2 Bg4 24. h3 Bf3+ 25. Kh2 h5 26. g4 hxg4 27. hxg4 Bxg4 28. Kg3 Bf3 29. c4 g5 30. Rd5 Kf6 31. Rxa5 Kf5 32. Ra7 f6 33. a5 Rd6 34. a6 Rd1 35. Kh2 Rh1+ 36. Kg3 g4 0-1


[Site "https://www.chess.com"]

[Event "Titled Tuesday Blitz October 12 2021"]
[White "Indjic, Aleksandar"]
[Black "Avramidou, Anastasia"]
[WhiteFideId "911925"]
[BlackFideId "4239873"]
[WhiteElo "2643"]
[BlackElo "2183"]
[Result "1-0"]
[Round "02"]
[TimeControl "180+1"]
[Date "2021.10.12"]
[WhiteClock "0:00:19"]
[BlackClock "0:00:04"]

1. e4 c6 2. Nf3 d5 3. Nc3 dxe4 4. Nxe4 Nf6 5. Qe2 Nxe4 6. Qxe4 Nd7 7. Bc4 Nf6 8. Ne5 e6 9. Qe2 Bd6 10. d4 h6 11. Bd2 Qc7 12. O-O-O Bd7 13. f4 Rf8 14. Kb1 O-O-O 15. Rhe1 Kb8 16. Bb3 Bc8 17. g3 c5 18. Be3 Nd5 19. Bxd5 exd5 20. dxc5 Bxc5 21. Bxc5 Qxc5 22. Nd3 Qc7 23. Nb4 Be6 24. Qe5 a5 25. Nd3 Qxe5 26. Rxe5 Bg4 27. Rde1 g6 28. Kc1 b6 29. Kd2 Kc7 30. Re7+ Rd7 31. R7e5 Bf5 32. c3 Bxd3 33. Kxd3 f6 34. Re6 g5 35. f5 h5 36. h3 g4 37. h4 Rff7 38. Kd4 Kb7 39. b3 Kc7 40. Re8 Kb7 41. R1e6 Rh7 42. Rxf6 Kc7 43. Ree6 b5 44. Ra6 a4 45. Ra7+ Kb8 46. Rxd7 Rxd7 47. Rh6 axb3 48. axb3 b4 49. cxb4 Rb7 50. f6 Rxb4+ 51. Kxd5 Kc7 52. f7 Rb8 53. Ke6 Rb6+ 54. Ke7 Rxh6 55. f8=Q Rh7+ 56. Kf6 1-0


[Site "https://www.chess.com"]

[Event "Titled Tuesday Blitz October 12 2021"]
[White "Karpeshov, Oleg"]
[Black "Siva Mahadevan"]
[WhiteFideId "4106814"]
[BlackFideId "25043153"]
[WhiteElo "2354"]
[BlackElo "2203"]
[Result "1-0"]
[Round "02"]
[TimeControl "180+1"]
[Date "2021.10.12"]
[WhiteClock "0:01:18"]
[BlackClock "0:00:41"]

1. e4 c5 2. Nf3 Nc6 3. Bb5 Na5 4. O-O a6 5. Be2 b5 6. d4 cxd4 7. Nxd4 Bb7 8. Nc3 b4 9. Nd5 e6 10. Ne3 Bxe4 11. a3 bxa3 12. b3 Nf6 13. Bxa3 Bxa3 14. Rxa3 O-O 15. Qa1 Nc6 16. Nxc6 Bxc6 17. Bxa6 Qc7 18. c4 Ne4 19. b4 d6 20. b5 Bd7 21. Qd4 Nc5 22. Rfa1 Rfd8 23. h3 Be8 24. Ng4 f5 25. Ne3 Qb6 26. g4 fxg4 27. Nxg4 Ra7 28. Rg3 Kh8 29. Ne3 Bg6 30. Rd1 Qc7 31. h4 Nxa6 32. b6 Qb7 33. bxa7 Nc5 34. Qxc5 Rc8 35. Qxd6 Qxa7 36. Qd8+ 1-0


[Site "https://www.chess.com"]

[Event "Titled Tuesday Blitz October 12 2021"]
[White "Keymer, Vincent"]
[Black "Aloma Vidal, Robert"]
[WhiteFideId "12940690"]
[BlackFideId "2260409"]
[WhiteElo "2524"]
[BlackElo "2435"]
[Result "1/2-1/2"]
[Round "02"]
[TimeControl "180+1"]
[Date "2021.10.12"]
[WhiteClock "0:00:13"]
[BlackClock "0:00:12"]

1. Nf3 d5 2. e3 Nf6 3. c4 c6 4. Nc3 e6 5. b3 Bd6 6. Bb2 O-O 7. Be2 e5 8. cxd5 cxd5 9. Nb5 Nc6 10. Nxd6 Qxd6 11. O-O d4 12. Bb5 Bg4 13. h3 Bh5 14. Bxc6 bxc6 15. d3 dxe3 16. fxe3 Rfe8 17. Qc2 e4 18. dxe4 Nxe4 19. Rad1 Qh6 20. Rde1 Ng3 21. Rf2 Ne4 22. Rff1 Rad8 23. Nd4 Ng3 24. Nf5 Nxf5 25. Qxf5 Rd2 26. Rf2 Bg6 27. Qf3 Rxf2 28. Qxf2 Qg5 29. Bd4 c5 30. Bb2 h5 31. Bc1 Be4 32. Rd1 Re6 33. Rd2 Rf6 34. Qe1 a6 35. Kh2 Qe5+ 36. Qg3 Qxg3+ 37. Kxg3 Rg6+ 38. Kh2 Kh7 39. Ba3 Rg5 40. Rf2 f6 41. Bb2 Bb7 42. Rc2 Kg6 43. Ba3 Be4 44. Rd2 Rd5 45. Rf2 Rd3 46. Bxc5 Rd1 47. Bd4 Rc1 48. a4 Rc2 49. Rxc2 Bxc2 50. a5 Bxb3 51. Kg3 Bd5 52. Kf2 Kf5 53. h4 Ke4 54. g3 Be6 55. Bc5 g6 56. Be7 f5 57. Bc5 Bc4 58. Ke1 Kd3 59. Kf2 Bd5 60. Bd6 Be4 61. Bf4 Bd5 62. Ke1 Be4 63. Kd1 Bf3+ 64. Kc1 Be4 65. Kb2 Kc4 66. Kc1 Kc3 67. Bc7 Kd3 68. Bf4 Kc3 69. Kd1 Kd3 70. Ke1 Bf3 71. Kf2 Bg4 72. Be5 Ke4 73. Bf4 Kd3 74. Ke1 Bf3 75. Kf1 Bg4 76. Kf2 Ke4 77. Bg5 Kd3 78. Bf4 Ke4 79. Bd6 Kd3 80. Bc7 Ke4 81. Bb6 Kd3 82. Bd8 Ke4 83. Bc7 Kd3 84. Bf4 1/2-1/2


[Site "https://www.chess.com"]

[Event "Titled Tuesday Blitz October 12 2021"]
[White "Khademalsharieh, Sarasadat"]
[Black "Moroni, Luca Jr"]
[WhiteFideId "12512214"]
[BlackFideId "865834"]
[WhiteElo "2431"]
[BlackElo "2491"]
[Result "0-1"]
[Round "02"]
[TimeControl "180+1"]
[Date "2021.10.12"]
[WhiteClock "0:00:27"]
[BlackClock "0:00:08"]

1. d4 g6 2. c4 Bg7 3. g3 d6 4. Bg2 Nc6 5. Nc3 Bd7 6. Nf3 Qc8 7. d5 Ne5 8. Nxe5 Bxe5 9. Qc2 Bh3 10. Bxh3 Qxh3 11. Be3 Nf6 12. O-O-O Ng4 13. Qa4+ Kf8 14. Nb5 Nxe3 15. fxe3 Qd7 16. Qa5 a6 17. Nd4 Kg7 18. Rhf1 h5 19. Kb1 h4 20. Nf3 Qf5+ 21. Ka1 hxg3 22. hxg3 Bf6 23. Qxc7 Rac8 24. Qb6 Qc2 25. Nd2 Rh2 26. Qxb7 Rxe2 27. Rb1 Rxd2 28. Rfc1 Bxb2+ 29. Qxb2+ Qxb2+ 30. Rxb2 Rd3 31. Rb3 Rd2 32. Ra3 Rxd5 33. cxd5 Rxc1+ 34. Kb2 Rc5 35. Rxa6 Rxd5 36. a4 Rd3 37. Ra8 Rxe3 38. a5 Rxg3 39. a6 Rg5 40. a7 Ra5 41. Kb3 g5 42. Kb4 Ra1 43. Kb5 g4 44. Kb6 g3 0-1


[Site "https://www.chess.com"]

[Event "Titled Tuesday Blitz October 12 2021"]
[White "Khusnutdinov, Rustam"]
[Black "Wadsworth, Matthew J"]
[WhiteFideId "13701703"]
[BlackFideId "415804"]
[WhiteElo "2571"]
[BlackElo "2293"]
[Result "1-0"]
[Round "02"]
[TimeControl "180+1"]
[Date "2021.10.12"]
[WhiteClock "0:00:44"]
[BlackClock "0:00:07"]

1. d4 Nf6 2. c4 c5 3. d5 e6 4. Nc3 exd5 5. cxd5 d6 6. Nf3 g6 7. h3 a6 8. a4 Bg7 9. e4 O-O 10. Be3 Nh5 11. Nd2 Nd7 12. Be2 Nhf6 13. O-O Rb8 14. Qc2 Ne8 15. a5 Qe7 16. Nc4 Ne5 17. Nb6 g5 18. Ra3 Ng6 19. Nxc8 Rxc8 20. Bg4 Rb8 21. Na4 Nc7 22. Rd3 Ne5 23. Bf5 Nxd3 24. Qxd3 Nb5 25. Nb6 Nd4 26. Bxd4 Bxd4 27. b4 f6 28. Rb1 Rbd8 29. b5 axb5 30. Rxb5 Qe5 31. Nc4 Qf4 32. Qe2 Rf7 33. Be6 Rd7 34. Rb3 Kg7 35. g3 Qc1+ 36. Kg2 Rde7 37. Bxf7 Rxf7 38. Nxd6 Rd7 39. Nf5+ Kg6 40. h4 h5 41. hxg5 Kxg5 42. Qf3 c4 43. Nxd4 cxb3 44. Qf5+ Kh6 45. Qxf6+ Kh7 46. Qf5+ Kh6 47. Qe6+ Kg5 48. Nf3# 1-0


[Site "https://www.chess.com"]

[Event "Titled Tuesday Blitz October 12 2021"]
[White "Kislov, Oleg"]
[Black "Nogerbek, Kazybek"]
[WhiteFideId "13503774"]
[BlackFideId "13710427"]
[WhiteElo "2252"]
[BlackElo "2436"]
[Result "0-1"]
[Round "02"]
[TimeControl "180+1"]
[Date "2021.10.12"]
[WhiteClock "0:00:01"]
[BlackClock "0:00:18"]

1. d4 Nf6 2. Nc3 d5 3. Bg5 Nbd7 4. Nf3 h6 5. Bf4 c5 6. e3 a6 7. Bd3 b5 8. O-O Bb7 9. Ne5 e6 10. Qf3 Be7 11. a3 Qb6 12. Nxd7 Nxd7 13. Qg3 g5 14. Be5 Nxe5 15. Qxe5 O-O-O 16. dxc5 Bxc5 17. b4 Bd6 18. Qf6 Qc7 19. f4 gxf4 20. exf4 Rhg8 21. Ne2 e5 22. fxe5 Bxe5 23. Qf5+ Kb8 24. Rae1 Bxh2+ 25. Kh1 Be5 26. Nf4 Rg5 27. Rxe5 Rxf5 28. Rxf5 d4 29. Nh5 Rg8 30. R1f2 Rg5 31. Rxg5 hxg5 32. Nf6 Qg3 33. Kg1 Qe3 34. Ng4 Qc1+ 35. Kh2 Qxa3 36. Rxf7 Qxb4 37. Ne5 Qd6 38. Rf5 Bc8 39. Rxg5 Qh6+ 40. Kg1 Qxg5 41. Nc6+ Kc7 42. Nb4 Qe3+ 0-1


[Site "https://www.chess.com"]

[Event "Titled Tuesday Blitz October 12 2021"]
[White "Kollars, Dmitrij"]
[Black "Yaniuk, Volodymyr"]
[WhiteFideId "12909572"]
[BlackFideId "14133083"]
[WhiteElo "2584"]
[BlackElo "2207"]
[Result "1-0"]
[Round "02"]
[TimeControl "180+1"]
[Date "2021.10.12"]
[WhiteClock "0:00:17"]
[BlackClock "0:00:08"]

1. c4 e6 2. Nf3 d5 3. d4 Nf6 4. Nc3 a6 5. cxd5 exd5 6. Bf4 c6 7. e3 Bd6 8. Bd3 Bxf4 9. exf4 Bg4 10. O-O O-O 11. h3 Bxf3 12. Qxf3 Nbd7 13. Rad1 Re8 14. g4 Qb6 15. b3 g6 16. f5 Qxd4 17. fxg6 Qe5 18. gxf7+ Kxf7 19. Bf5 Kg7 20. Rfe1 Qxe1+ 21. Rxe1 Rxe1+ 22. Kg2 Rf8 23. Qf4 Ne5 24. Qd2 Ra1 25. Nb1 Ng6 26. Bxg6 hxg6 27. Qb2 Rxb1 28. Qxb1 Ne4 29. Qb2+ Kh7 30. f3 Ng5 31. Qa3 Rf7 32. f4 Ne4 33. Qc1 Re7 34. Qe3 Kg7 35. h4 Kf7 36. f5 gxf5 37. Qf4 Re6 38. Qxf5+ Rf6 39. Qd7+ Kg8 40. Qe8+ Kg7 41. Qe7+ Rf7 42. Qe5+ Kf8 43. g5 Rf2+ 44. Kh3 Rxa2 45. g6 Rf2 46. Qh8+ Ke7 47. g7 Rf3+ 48. Kh2 Rg3 49. g8=Q Rxg8 50. Qxg8 Kd6 51. Qf8+ Ke5 52. h5 d4 53. Qg7+ Kd5 54. Qd7+ Ke5 55. h6 Nf6 56. Qe7+ Kf5 57. h7 Nxh7 58. Qxh7+ Ke5 59. Qd3 b5 60. Kg3 c5 61. Kf3 Kd5 62. Qe4+ Kd6 63. Kf4 a5 64. Qe5+ Kc6 65. Ke4 a4 66. Qd5+ Kb6 67. Qd6+ Ka5 68. bxa4 Kxa4 69. Qxc5 b4 70. Kxd4 b3 71. Kc3 b2 72. Qb4# 1-0


[Site "https://www.chess.com"]

[Event "Titled Tuesday Blitz October 12 2021"]
[White "Kozak, Adam"]
[Black "Noboa Silva, Kevin"]
[WhiteFideId "753246"]
[BlackFideId "3618471"]
[WhiteElo "2448"]
[BlackElo "2161"]
[Result "1-0"]
[Round "02"]
[TimeControl "180+1"]
[Date "2021.10.12"]
[WhiteClock "0:01:12"]
[BlackClock "0:00:02"]

1. e4 e6 2. d4 d5 3. Nc3 Nf6 4. e5 Nfd7 5. f4 c5 6. Nf3 Be7 7. Be2 b6 8. a4 Nc6 9. Be3 O-O 10. O-O f5 11. Nb5 cxd4 12. Nfxd4 Nxd4 13. Bxd4 Nc5 14. Bxc5 bxc5 15. Bf3 a6 16. Nc3 Rb8 17. b3 Bb7 18. a5 d4 19. Bxb7 Rxb7 20. Na4 Qxa5 21. Nb2 Qb5 22. Nc4 Rd8 23. Qd3 g6 24. Ra5 Qc6 25. Rfa1 Ra7 26. Nd2 g5 27. Rxa6 Rxa6 28. Rxa6 Qd5 29. fxg5 Qxe5 30. Nf3 Qe4 31. h4 Rd6 32. Ra7 Bf8 33. Qb5 d3 34. Qe8 Qe3+ 35. Kh1 Qc1+ 36. Kh2 Qf4+ 37. g3 Qd4 38. Qf7+ 1-0


[Site "https://www.chess.com"]

[Event "Titled Tuesday Blitz October 12 2021"]
[White "Kucuksari, Kaan"]
[Black "Deac, Bogdan-Daniel"]
[WhiteFideId "6380166"]
[BlackFideId "1226380"]
[WhiteElo "2301"]
[BlackElo "2605"]
[Result "0-1"]
[Round "02"]
[TimeControl "180+1"]
[Date "2021.10.12"]
[WhiteClock "0:00:06"]
[BlackClock "0:00:13"]

1. d4 Nf6 2. Bg5 d5 3. Bxf6 exf6 4. e3 Be6 5. g3 c6 6. Bg2 Qb6 7. b3 Nd7 8. Ne2 h5 9. h4 g5 10. Qd3 O-O-O 11. a4 Qa5+ 12. c3 Qc7 13. b4 Nb6 14. Nd2 Kb8 15. a5 Nc4 16. Nxc4 dxc4 17. Qc2 a6 18. O-O-O Bd6 19. Kb2 Bg4 20. e4 Rde8 21. Qd2 Qe7 22. Rde1 Rd8 23. f3 Bc8 24. f4 gxf4 25. gxf4 Rdg8 26. Bf3 Bg4 27. Rhf1 Bxf3 28. Rxf3 Rg4 29. e5 Bc7 30. Rh1 Rhg8 31. Rf2 f5 32. Qe3 Qe6 33. Qf3 Bd8 34. Rfh2 Qd7 35. Rh3 c5 36. bxc5 Bxa5 37. Ra1 Qb5+ 38. Kc2 Qb3+ 39. Kc1 Rg1+ 40. Nxg1 Rxg1+ 41. Kd2 Rxa1 42. Rh1 Qb2+ 43. Ke3 Qxc3+ 44. Kf2 Qxf3+ 45. Kxf3 Rxh1 0-1


[Site "https://www.chess.com"]

[Event "Titled Tuesday Blitz October 12 2021"]
[White "Lazavik, Denis"]
[Black "King, Alexander"]
[WhiteFideId "13515110"]
[BlackFideId "2063620"]
[WhiteElo "2436"]
[BlackElo "2306"]
[Result "1-0"]
[Round "02"]
[TimeControl "180+1"]
[Date "2021.10.12"]
[WhiteClock "0:00:05"]
[BlackClock "0:00:04"]

1. d4 d5 2. c4 e6 3. Nf3 Nf6 4. Nc3 Be7 5. Bg5 O-O 6. e3 Nbd7 7. Qc2 h6 8. Bh4 c5 9. dxc5 Nxc5 10. cxd5 Nxd5 11. Nxd5 exd5 12. Bxe7 Qxe7 13. Be2 Bg4 14. O-O Rac8 15. Rad1 Rfd8 16. h3 Bh5 17. Nd4 Bg6 18. Qd2 a6 19. Rc1 Ne6 20. Bg4 Qd6 21. Rfd1 Be4 22. Ne2 Rc5 23. Rxc5 Nxc5 24. Nc3 Bg6 25. Nxd5 Kh8 26. Qd4 Ne6 27. Qc3 Qf8 28. Nb4 Rxd1+ 29. Bxd1 Be4 30. Bc2 Bxc2 31. Nxc2 Qd6 32. Nd4 Nxd4 33. Qxd4 Qe6 34. a3 Kh7 35. g4 g6 36. Kg2 Qc6+ 37. Kg3 Qe6 38. Kf3 Qc6+ 39. Kg3 Qe6 40. Qf4 Qc6 41. Qxf7+ Kh8 42. Qf4 Kh7 43. Qd4 Qh1 44. Qd7+ Kg8 45. Qe6+ Kg7 46. Qe5+ Kg8 47. Qe6+ Kg7 48. Qd7+ Kg8 49. Qd4 Qg1+ 50. Kf3 Qh1+ 51. Ke2 Qxh3 52. Qe4 Kf8 53. Qxg6 Qh1 54. Qf5+ Kg8 55. Qe6+ Kh7 56. Qe5 Kg8 57. Qd4 Qg2 58. Qf4 Kh7 59. Kd2 Qd5+ 60. Kc3 Qg2 61. Qf5+ Kg8 62. e4 Qf3+ 63. Qxf3 1-0


[Site "https://www.chess.com"]

[Event "Titled Tuesday Blitz October 12 2021"]
[White "Levitskiy, Andrey"]
[Black "Gupta, Abhijeet"]
[WhiteFideId "14132885"]
[BlackFideId "5010608"]
[WhiteElo "2340"]
[BlackElo "2549"]
[Result "0-1"]
[Round "02"]
[TimeControl "180+1"]
[Date "2021.10.12"]
[WhiteClock "0:00:03"]
[BlackClock "0:01:11"]

1. e4 c5 2. Nf3 d6 3. d4 cxd4 4. Nxd4 Nf6 5. Nc3 Nc6 6. Bc4 e6 7. Be3 a6 8. Bb3 Qc7 9. f4 Na5 10. f5 e5 11. Nf3 Nxb3 12. cxb3 b5 13. Rc1 Qb7 14. Bg5 Nxe4 15. Nd5 Bxf5 16. Nc7+ Kd7 17. Nxe5+ Kc8 18. Nxa8+ Kb8 19. Nc7 dxe5 20. Qd8+ Bc8 21. Be7 Bxe7 22. Qxe7 Qb6 23. Rc2 Qe3+ 24. Kd1 Bg4+ 0-1


[Site "https://www.chess.com"]

[Event "Titled Tuesday Blitz October 12 2021"]
[White "Lewtak, Damian"]
[Black "Le, Tuan Minh"]
[WhiteFideId "1141724"]
[BlackFideId "12401153"]
[WhiteElo "2203"]
[BlackElo "2450"]
[Result "0-1"]
[Round "02"]
[TimeControl "180+1"]
[Date "2021.10.12"]
[WhiteClock "0:00:02"]
[BlackClock "0:00:04"]

1. d4 d5 2. Nf3 Nf6 3. Bf4 e6 4. e3 Bd6 5. Bxd6 Qxd6 6. Nbd2 c5 7. dxc5 Qxc5 8. c4 O-O 9. Rc1 Nc6 10. Be2 d4 11. exd4 Nxd4 12. Nxd4 Qxd4 13. Qc2 Rd8 14. Nf3 Qf4 15. O-O Bd7 16. Rfd1 Bc6 17. g3 Qc7 18. Nd4 Be4 19. Qc3 a6 20. Nb3 Rac8 21. Rxd8+ Rxd8 22. Rd1 Rxd1+ 23. Bxd1 h6 24. f3 Bc6 25. Nd4 Nd7 26. Be2 Qd6 27. b4 e5 28. Nf5 Qf6 29. g4 Nf8 30. b5 Bd7 31. bxa6 bxa6 32. c5 Ng6 33. Bd3 Nf4 34. Kf2 Bxf5 35. Bxf5 Qh4+ 36. Kf1 Qh3+ 37. Ke1 Qxh2 38. Kd1 Qg1+ 39. Kc2 Nd5 40. Qxe5 Qxc5+ 41. Kd2 Qf2+ 42. Kd3 Qxf3+ 43. Kd4 g6 44. Be4 Qxg4 45. Kxd5 Qd7+ 46. Kc5 Qb5+ 47. Kd4 Qb2+ 48. Kd5 Qxa2+ 49. Kd6 Qa3+ 50. Kd7 Qa4+ 51. Bc6 Qg4+ 52. Ke7 Qg5+ 53. Qxg5 hxg5 54. Kf6 g4 55. Kg5 g3 56. Kg4 Kg7 57. Kxg3 Kf6 58. Kf4 a5 59. Ba4 Ke7 60. Kg5 Kd6 61. Kf6 Kc5 62. Kxf7 g5 63. Bd7 Kd6 64. Bf5 Ke5 0-1


[Site "https://www.chess.com"]

[Event "Titled Tuesday Blitz October 12 2021"]
[White "Martic, Ivan"]
[Black "Ibrahimli, Murad"]
[WhiteFideId "929301"]
[BlackFideId "13410229"]
[WhiteElo "2290"]
[BlackElo "2109"]
[Result "0-1"]
[Round "02"]
[TimeControl "180+1"]
[Date "2021.10.12"]
[WhiteClock "0:00:06"]
[BlackClock "0:00:17"]

1. e4 e5 2. Nf3 Nc6 3. Bb5 Nf6 4. d3 Bc5 5. c3 O-O 6. O-O d6 7. Nbd2 Ne7 8. h3 a6 9. Ba4 b5 10. Bb3 Bb6 11. Re1 Ng6 12. Nf1 h6 13. Be3 Bxe3 14. Nxe3 Nf4 15. a4 Rb8 16. axb5 axb5 17. Kh2 g5 18. Nf5 Bxf5 19. exf5 g4 20. Ng1 gxh3 21. g3 N4h5 22. Nxh3 Ng7 23. Qf3 Nh7 24. d4 exd4 25. cxd4 Qf6 26. Re4 c5 27. dxc5 dxc5 28. Rg4 c4 29. Nf4 Ng5 30. Rxg5 Qxg5 31. Bc2 Rbd8 32. Ra6 Rd2 33. Be4 Rxb2 34. f6 Ne8 35. Nh3 Qe5 36. Ra8 Nxf6 37. Rxf8+ Kxf8 38. Bf5 c3 39. Kg2 Qd5 40. Nf4 Qxf3+ 41. Kxf3 c2 42. Nd3 Rb3 0-1


[Site "https://www.chess.com"]

[Event "Titled Tuesday Blitz October 12 2021"]
[White "Mortazavi, Ali"]
[Black "Nagy, Gabor"]
[WhiteFideId "401323"]
[BlackFideId "737119"]
[WhiteElo "2339"]
[BlackElo "2534"]
[Result "1-0"]
[Round "02"]
[TimeControl "180+1"]
[Date "2021.10.12"]
[WhiteClock "0:00:04"]
[BlackClock "0:00:06"]

1. Nf3 Nf6 2. g3 b6 3. Bg2 Bb7 4. O-O g6 5. d3 Bg7 6. e4 O-O 7. a4 a5 8. Nc3 d6 9. e5 dxe5 10. Nxe5 Bxg2 11. Kxg2 Nfd7 12. Ng4 Nc6 13. Nb5 f5 14. Nh6+ Kh8 15. c3 Nc5 16. d4 Ne4 17. Qb3 Bxh6 18. Bxh6 Rf6 19. Bf4 Nd6 20. d5 Nxb5 21. axb5 Nb8 22. Be5 Nd7 23. Bxf6+ exf6 24. Rfe1 Nc5 25. Qc4 Qd7 26. Qd4 Kg7 27. Rad1 Re8 28. h4 Qxb5 29. h5 Ne4 30. c4 Qb3 31. Re2 Re5 32. Rde1 Ng5 33. Re3 Rxe3 34. Rxe3 Qb4 35. h6+ Kf7 36. Qd3 Qd6 37. Qe2 Ne4 38. f3 Qxg3+ 39. Kf1 Qh3+ 40. Ke1 Qh1+ 41. Qf1 Qh4+ 42. Kd1 Nd6 43. Qe1 Qd4+ 44. Kc2 Qxc4+ 45. Kb1 Qxd5 46. Re7+ Kg8 47. Re8+ Kf7 48. Qe7# 1-0


[Site "https://www.chess.com"]

[Event "Titled Tuesday Blitz October 12 2021"]
[White "Nguyen, Ngoc Truong Son"]
[Black "Alexakis, Dimitris"]
[WhiteFideId "12401110"]
[BlackFideId "4277023"]
[WhiteElo "2596"]
[BlackElo "2409"]
[Result "1-0"]
[Round "02"]
[TimeControl "180+1"]
[Date "2021.10.12"]
[WhiteClock "0:00:54"]
[BlackClock "0:00:11"]

1. d4 Nf6 2. Nf3 c5 3. d5 e6 4. Nc3 exd5 5. Nxd5 Nxd5 6. Qxd5 Nc6 7. e4 d6 8. Bc4 Be6 9. Qd3 Be7 10. Bd2 O-O 11. Bc3 Nb4 12. Bxb4 cxb4 13. Bxe6 fxe6 14. Qb3 Qd7 15. O-O Kh8 16. Rad1 a5 17. h3 Rf4 18. Rfe1 Raf8 19. Rd3 b5 20. c3 bxc3 21. Qxc3 a4 22. Re2 Qc8 23. Qxc8 Rxc8 24. Nd4 Rc1+ 25. Kh2 Bf6 26. Nxe6 Rh4 27. g3 Rh5 28. Rxd6 h6 29. Nf4 Rg5 30. e5 Bxe5 31. Rxe5 Rxe5 32. Ng6+ Kh7 33. Nxe5 Rc2 34. Nd3 Rd2 35. a3 Kg8 36. Kg2 Kf8 37. Kf3 Ke7 38. Rd5 1-0


[Site "https://www.chess.com"]

[Event "Titled Tuesday Blitz October 12 2021"]
[White "Nozdrachev, Leonid"]
[Black "Rasulov, Vugar"]
[WhiteFideId "24113433"]
[BlackFideId "13402390"]
[WhiteElo "2124"]
[BlackElo "2560"]
[Result "0-1"]
[Round "02"]
[TimeControl "180+1"]
[Date "2021.10.12"]
[WhiteClock "0:00:09"]
[BlackClock "0:01:35"]

1. e4 c5 2. c3 Nf6 3. e5 Nd5 4. Nf3 e6 5. d4 cxd4 6. cxd4 d6 7. Bc4 Nb6 8. Bd3 Nc6 9. Nc3 Nb4 10. Bb1 dxe5 11. Nxe5 Be7 12. O-O O-O 13. Re1 N4d5 14. Qd3 f5 15. Bd2 Bf6 16. a3 Bd7 17. Ba2 Rc8 18. Rad1 Bc6 19. Nxc6 Rxc6 20. Nxd5 Nxd5 21. Rc1 Rxc1 22. Bxc1 Qd7 23. g3 Rc8 24. Qe2 g6 25. Qxe6+ Qxe6 26. Rxe6 Rxc1+ 27. Kg2 Rc2 28. Bxd5 Kg7 29. Bxb7 Bxd4 30. b4 Rxf2+ 31. Kh3 h5 32. Bc6 g5 33. Be8 g4+ 34. Kh4 Bf6+ 35. Rxf6 Kxf6 36. h3 Rh2 0-1


[Site "https://www.chess.com"]

[Event "Titled Tuesday Blitz October 12 2021"]
[White "Perez Gormaz, Matias"]
[Black "Kamsky, Gata"]
[WhiteFideId "3406342"]
[BlackFideId "2000024"]
[WhiteElo "2352"]
[BlackElo "2603"]
[Result "1/2-1/2"]
[Round "02"]
[TimeControl "180+1"]
[Date "2021.10.12"]
[WhiteClock "0:00:04"]
[BlackClock "0:00:20"]

1. e4 c5 2. Nf3 e6 3. g3 Nc6 4. Bg2 e5 5. O-O g6 6. c3 Bg7 7. d4 cxd4 8. cxd4 exd4 9. Na3 Nge7 10. Nb5 O-O 11. Bf4 d6 12. h3 h6 13. Nbxd4 Nxd4 14. Nxd4 Qb6 15. Nb3 Rd8 16. Qd2 Kh7 17. Rfd1 Be6 18. Nd4 Bd7 19. Be3 Qc7 20. Rac1 Qb8 21. Ne2 Be6 22. b3 Nc6 23. Nf4 Qc8 24. h4 h5 25. Nd5 Rf8 26. Bg5 f5 27. Nf4 Be5 28. Nxe6 Qxe6 29. f4 Bg7 30. Qxd6 Qxd6 31. Rxd6 Nd4 32. Rc7 Nb5 33. Rdd7 Nxc7 34. Rxc7 Rac8 35. Rxb7 Rc1+ 36. Kh2 Rc2 37. e5 Kh8 38. Rxa7 Rfc8 39. Kg1 Rc1+ 40. Bf1 Rd1 41. Bf6 Bxf6 42. exf6 Rcc1 43. Ra8+ Kh7 44. f7 Rxf1+ 45. Kg2 Rg1+ 46. Kf2 Rgf1+ 47. Kg2 Rg1+ 48. Kf2 Rgf1+ 49. Kg2 1/2-1/2


[Site "https://www.chess.com"]